 Seeded DCSS version 0.27.1-2-g3b301248ec (webtiles) character file.

Game seed: 14551798346683263451 (custom seed)

340 babuloseo the Poker (level 4, 0/37 HPs)
             Began as a Human Fighter on Sept 30, 2021.
             Was a Follower of Ru.
             Slain by an iguana (11 damage)
             ... on level 6 of the Dungeon.
             The game lasted 00:04:27 (3589 turns).

babuloseo the Poker (Human Fighter)                 Turns: 3589, Time: 00:04:27

Health: 0/37       AC: 11    Str: 18    XL:     4   Next: 87%
Magic:  1/1        EV:  7    Int: 11    God:    Ru [*.....]
Gold:   118        SH:  9    Dex: 12    Spells: 3/3 levels left

rFire    . . .     SeeInvis .   s - +7 spear of Untimely Demise {antimagic, rCorr}
rCold    x . .     Faith    .   c - +0 kite shield
rNeg     + + +     Spirit   .   b - +0 scale mail
rPois    +         Reflect  .   v - +1 helmet {Int+3}
rElec    .         Harm     .   g - +0 cloak
rCorr    +         Rampage  .   x - +0 pair of gloves
Will     .....                  (no boots)
Stlth    ..........             k - amulet "Zezowk" {+Inv rPois rC- rN+++ Regen+}
HPRegen  1.12/turn              (no ring)
MPRegen  0.07/turn              (no ring)

@: no status effects
A: inexperienced 1
a: Renounce Religion, Evoke Invisibility


You were on level 6 of the Dungeon.
You worshipped Ru.
Ru was aware of your devotion.
You visited 1 branch of the dungeon, and saw 6 of its levels.

You collected 118 gold pieces.

Inventory:

Hand Weapons
 a - a +0 trident
 h - a +2 short sword of venom
 s - the +7 spear of Untimely Demise (weapon) {antimagic, rCorr}
   (You found it on level 4 of the Dungeon)

   It reduces the magical energy of the wielder, and disrupts the spells and
   magical abilities of those it strikes.
   Natural abilities and divine invocations are not affected.
   rCorr:     It protects you from acid and corrosion.
Armour
 b - a +0 scale mail (worn)
 c - a +0 kite shield (worn)
 g - a +0 cloak (worn)
 v - a +1 helmet of intelligence (worn)
 x - a +0 pair of gloves (worn)
Jewellery
 k - the amulet "Zezowk" (around neck) {+Inv rPois rC- rN+++ Regen+}
   (You acquired it on level 2 of the Dungeon)

   [amulet of regeneration]

   rC:        It makes you vulnerable to cold.
   rPois:     It protects you from poison.
   rN:        It renders you almost immune to negative energy.
   +Inv:      It lets you turn invisible.
   Regen:     It increases your rate of health regeneration.
 t - a ring of fire
Wands
 u - a wand of flame (17)
Scrolls
 e - a scroll of magic mapping {unknown}
 i - 4 scrolls of identify {unknown}
 n - 2 scrolls of blinking {unknown}
 o - 2 scrolls of enchant armour {unknown}
 w - a scroll of torment {unknown}
Potions
 d - a potion of might
 f - a potion of ambrosia {unknown}
 j - a potion of brilliance {unknown}
 l - 2 potions of curing {unknown}
 m - a potion of degeneration {unknown}
 p - 3 potions of attraction {unknown}
 q - a potion of mutation {unknown}
 r - a potion of heal wounds {unknown}


   Skills:
 + Level 4.1 Fighting
 * Level 4.3 Polearms
 + Level 4.1 Armour
 + Level 4.2 Shields


You had 3 spell levels left.
You didn't know any spells.
Your spell library contained the following spells:

 Spells                   Type           Power      Damage    Failure   Level
 Magic Dart               Conj           0%         1d3       99%         1
 Call Imp                 Summ           0%         N/A       100%        2
 Searing Ray              Conj           0%         3d3       100%        2
 Mephitic Cloud           Conj/Pois/Air  0%         N/A       100%        3
 Fulminant Prism          Conj/Hex       0%         3d6       100%        4


Dungeon Overview and Level Annotations

Branches:
Dungeon (6/15)
 Temple: D:4-7

Altars:
Elyvilon
Gozag
Qazlal
Ru
Wu Jian
Zin


Innate Abilities, Weirdness & Mutations

You are somewhat inexperienced. (-2 XL)


Message History

The iguana hisses angrily.
You puncture the orc wizard!
The orc wizard's magic leaks into the air.
The orc wizard is almost dead.
You block the orc wizard's attack. The iguana bites you.
You barely miss the orc wizard.
The orc wizard is almost dead.
The orc wizard falters for a moment.
You block the iguana's attack.
You closely miss the orc wizard.
The orc wizard is severely wounded.
The orc wizard gestures at you while chanting.
The magic dart hits you! The iguana bites you.
You hit the orc wizard.
You kill the orc wizard!
The iguana bites you.
There is a stone staircase leading up here.
Things that are here:
a +0 dagger; a +0 robe; an orc corpse Your shield prevents you from hitting the iguana.
You block the iguana's attack.
You hit the iguana.
The iguana is lightly wounded.
The iguana bites you.
You barely miss the iguana.
The iguana is lightly wounded.
The iguana bites you.
You hit the iguana.
The iguana is moderately wounded.
You block the iguana's attack.
You hit the iguana but do no damage.
The iguana is moderately wounded.
The iguana bites you but does no damage.
You hit the iguana.
The iguana is heavily wounded.
The iguana bites you. The iguana bites you!
* * * LOW HITPOINT WARNING * * *
You completely miss the iguana.
The iguana is heavily wounded.
The iguana bites you!
You die...

##+## ...#
# #..#(#
#..#.#
#@...#
#l[.##
#.........
###.###..#
.# . ..
#.# .. ...


You could see an iguana.

Vanquished Creatures
  A necrophage (D:4)
  An orc priest (D:6)
  Crazy Yiuf (D:2)
  2 orc wizards (D:6)
  An iguana (D:4)
  Robin (D:2)
  2 adders
  3 adder skeletons
  A worm (D:3)
  2 dart slugs
  5 orcs
  4 bats
  3 endoplasms
  A giant cockroach (D:1)
  16 goblins
  14 hobgoblins
  3 jackals (D:4)
  A quokka (D:2)
  7 ball pythons
  2 frilled lizards (D:1)
  3 kobolds
  3 rats (D:2)
77 creatures vanquished.

Notes
Turn   | Place    | Note
-------+----------+-------------------------------------------
     0 | D:1      | babuloseo the Human Fighter began the quest for the Orb.
     0 | D:1      | Reached XP level 1. HP: 18/18 MP: 1/1
   130 | D:1      | Reached XP level 2. HP: 24/24 MP: 2/2
   597 | D:2      | Reached XP level 3. HP: 26/29 MP: 3/3
  1049 | D:2      | Identified a scroll of acquirement
  1049 | D:2      | Acquired the amulet "Zezowk" {+Inv rPois rC- rN+++ Regen+}
  1332 | D:3      | Found an opulent altar of Gozag.
  1557 | D:3      | Reached XP level 4. HP: 35/35 MP: 4/4
  1570 | D:3      | Found a faded altar of an unknown god.
  1580 | D:3      | Became a worshipper of Ru the Awakened
  1600 | D:3      | Gained mutation: You are somewhat inexperienced. (-2 XL)
                  | [Ru sacrifice]
  1600 | D:3      | Reached XP level 3. HP: 29/29 MP: 3/3
  1600 | D:3      | Reached XP level 2. HP: 24/24 MP: 2/2
  1600 | D:3      | Reached * piety under Ru
  2043 | D:4      | Found a white marble altar of Elyvilon.
  2059 | D:4      | Noticed a necrophage
  2080 | D:4      | Killed a necrophage
  2081 | D:4      | Reached XP level 3. HP: 28/30 MP: 3/3
  2091 | D:4      | Identified the +7 spear of Untimely Demise {antimagic,
                  | rCorr}
  2175 | D:4      | Found a glowing silver altar of Zin.
  2274 | D:4      | Found an ornate altar of the Wu Jian Council.
  2419 | D:4      | Reached XP level 4. HP: 37/37 MP: 1/4
  2839 | D:2      | Found Gisot's Antique Weapon Boutique.
  2994 | D:2      | Noticed Robin
  3022 | D:2      | Killed Robin
  3068 | D:2      | Found a stormy altar of Qazlal.
  3135 | D:2      | Found a runed translucent door.
  3136 | D:2      | Noticed Crazy Yiuf
  3420 | D:2      | Killed Crazy Yiuf
  3545 | D:5      | Entered Level 5 of the Dungeon
  3547 | D:5      | Noticed a +0 dagger
  3547 | D:5      | Noticed a +0 hand axe
  3589 | D:6      | Slain by an iguana

Illustrated notes

Levels and vault maps discovered:
D:1:      lemuel_arrival_river_bridge, layout_rooms
D:2:      layout_loops_cross, basic_altar, serial_shops, shop,
          minmay_goblin_kobold_house, uniq_crazy_yiuf_cottage, uniq_robin
D:3:      layout_basic, grunt_gozag_breadcrumbs,
          hellmonk_ecumenical_altar_heavens_door
D:4:      layout_loops_ring, zin_treasury, elyvilon_altar_3,
          nzn_wu_jian_contemplation, serial_co_window_serial,
          co_window_corner_a, co_window_corner_a, co_window_of_opportunity_a,
          co_window_corner_a, co_window_paths_a, co_window_corner_b,
          co_window_paths_c, co_window_2corner, co_window_paths_c,
          co_window_of_opportunity_b, co_window_of_opportunity_c,
          co_window_of_opportunity_c, glass_columns_a, glass_columns_c
D:5:      layout_gridville, dancing_weapons_uskayaw, ashenzari_altar_1,
          kennysheep_mini_moat, minmay_temple_entry_statues_fountains,
          serial_shops, nicolae_shop_trees, kennysheep_crisscross,
          minmay_circle_x
D:6:      layout_basic, kennysheep_cross_bottleneck, grunt_ministairs_3,
          uniq_edmund

Skill      XL: |  1  2  3  4 |
---------------+-------------+-----
Polearms       | 3 4 |  4.3
Shields        | 4 |  4.2
Armour         | 4 |  4.1
Fighting       | 4 |  4.1

Action                   |  1- 3 |  4- 6 || total
-------------------------+-------+-------++-------
Melee: Trident           |   187 |     2 ||   189
       Spear             |    10 |    86 ||    96
Invok: Sacrifice Experie |     1 |       ||     1
  Use: Scroll            |     1 |       ||     1
Armor: Scale mail        |    67 |    32 ||    99
Dodge: Dodged            |    51 |    16 ||    67
Block: Kite shield       |    97 |    29 ||   126
